 Dungeon Crawl Stone Soup version 0.30-a0-1114-gd936c97349 (webtiles) character file.

Game seed: 5350123507711521065

13301 lunkers the Carver (level 12, -1/95 HPs)
             Began as a Meteoran Wanderer on Apr 20, 2023.
             Was a High Priest of Hepliaklqana.
             Slain by a six-headed hydra (9 damage)
             ... on level 4 of the Lair of Beasts.
             The game lasted 00:24:24 (4994 turns).

lunkers the Carver (Meteoran Wanderer)              Turns: 4994, Time: 00:24:25

Health: -1/95      AC: 33    Str: 19    XL:     12   Next: 62%
Magic:  16/16      EV: 10    Int: 15    God:    Hepliaklqana [*****.]
Gold:   634        SH:  4    Dex: 17    Spells: 13/13 levels left

rFire   . . .      SeeInvis .    b - +3 short sword (speed)
rCold   . . .      Faith    .    f - +0 buckler
rNeg    + . .      Spirit   .    z - +9 plate armour of Tartarus {Str+4}
rPois   .          Reflect  .    (no helmet)
rElec   .          Rampage  .    r - +0 cloak
rCorr   .                        m - +2 pair of gloves
Will    +....                    E - +0 pair of boots Stlth
                                 (no amulet)
HPRegen 0.35/turn                h - ring of positive energy
MPRegen 0.15/turn                s - +4 ring of protection

@: glowing
A: reduced essence, sense surroundings 2, otherworldly, glowing, explore regen
a: Renounce Religion, Recall Ancestor, Ancestor Identity, Transference, Idealise


You were on level 4 of the Lair of Beasts.
You worshipped Hepliaklqana.
Hepliaklqana was extremely pleased with you.
You visited 2 branches of the dungeon, and saw 13 of its levels.
You also visited: Ossuary.

You collected 634 gold pieces.

Inventory:

Hand Weapons
 a - a +3 long sword
 b - a +3 short sword of speed (weapon)
 v - a +1 short sword of holy wrath
 K - a +1 demon whip of venom
Missiles
 A - 8 boomerangs
 C - a throwing net
Armour
 e - a +0 scale mail of poison resistance
 f - a +0 buckler (worn)
 m - a +2 pair of gloves (worn)
 r - a +0 cloak (worn)
 z - the +9 plate armour of Tartarus (worn) {Str+4}
   (You found it on level 6 of the Dungeon)

   Str:       It affects your strength (+4).
 E - a +0 pair of boots (worn)
Jewellery
 d - a ring of fire
 g - a +6 ring of intelligence
 h - a ring of positive energy (left hand)
 s - a +4 ring of protection (right hand)
 u - a ring of positive energy
Wands
 D - a wand of charming (4)
 I - a wand of digging (3)
Scrolls
 c - 2 scrolls of amnesia
 k - 8 scrolls of blinking
 y - a scroll of fear
 F - 3 scrolls of enchant weapon
Potions
 i - 3 potions of haste
 j - a potion of invisibility
 l - 9 potions of heal wounds
 n - 7 potions of curing
 o - 3 potions of flight
 p - 5 potions of brilliance
 t - a potion of ambrosia
 w - 3 potions of cancellation
 B - 4 potions of lignification
 H - a potion of magic {unknown}
 J - 2 potions of mutation
 L - a potion of degeneration {unknown}


   Skills:
 - Level 10.2 Fighting
 - Level 8.0(10.8) Short Blades
 * Level 12.4(13.5) Long Blades
 - Level 3.6 Throwing
 - Level 9.6 Armour
 - Level 9.6 Dodging
 - Level 1.3 Spellcasting
 - Level 1.1 Ice Magic
 - Level 4.0 Invocations


You had 13 spell levels left.
You didn't know any spells.
Your spell library contained the following spells:

 Spells                   Type           Power      Damage    Failure   Level
 Freeze                   Ice            16%        1d4       99%         1
 Slow                     Hex            4%         N/A       100%        1
 Sublimation of Blood     Necr           1%         N/A       100%        2
 Wereblood                Tmut           1%         N/A       100%        2
 Confusing Touch          Hex            1%         N/A       100%        3
 Hailstorm                Conj/Ice       2%         3d3       100%        3
 Vampiric Draining        Necr           1%         2d6       100%        3
 Vhi's Electric Charge    Tloc/Air       2%         N/A       100%        3
 Volatile Blastmotes      Fire/Tloc      2%         2d10      100%        3
 Anguish                  Hex/Necr       0%         N/A       100%        4
 Fulminant Prism          Conj/Hex       0%         3d5       100%        4
 Iskenderun's Mystic Bla  Conj/Tloc      1%         2d3       100%        4
 Olgreb's Toxic Radiance  Pois           1%         N/A       100%        4
 Arcjolt                  Conj/Air       0%         1d10      100%        5
 Lee's Rapid Deconstruct  Erth           0%         3d4*      100%        5
 Plasma Beam              Fire/Air       0%         2x1d11    100%        6
 Simulacrum               Ice/Necr       1%         N/A       100%        6
 Enfeeble                 Hex            0%         N/A       100%        7
 Ozocubu's Refrigeration  Ice            2%         4d7       100%        7
 Summon Hydra             Summ           0%         N/A       100%        7
 Discord                  Hex            0%         N/A       100%        8
 Ignition                 Fire           0%         3d3       100%        8
 Polar Vortex             Ice            2%         N/A       100%        9


Dungeon Overview and Level Annotations

Branches:
Dungeon (9/15) Zot: 1766   Temple (0/1) D:6            Lair (4/5) D:8 Zot: 1519
  Slime (0/5) Lair:4      Ossuary (visited)
  Swamp: Lair:2-3    Shoals: Lair:2-3     Snake: Lair:2-3    Spider: Lair:2-3
    Orc: D:9-12

Altars:
Ashenzari
Dithmenos
Hepliaklqana
Ru
Vehumet
Jiyva


Innate Abilities, Weirdness & Mutations

Your life essence is reduced to manifest your ancestor. (-10% HP)
You passively map the area around you.
You are easily found by Zot.
You glow in the dark.
You regain HP and MP as you explore.


Message History

Found a viscous altar of Jiyva.
Okay, then.
Your hands tingle!
b - a +3 short sword of speed (weapon)
The six-headed hydra bites you but does no damage.
The six-headed hydra bites you.
* * * LOW HITPOINT WARNING * * *
The six-headed hydra bites you but does no damage.
The six-headed hydra completely misses you.
The six-headed hydra bites you but does no damage. x2
You hit the six-headed hydra but do no damage.
The six-headed hydra is heavily wounded.
You puncture the six-headed hydra!
The six-headed hydra is heavily wounded.
The six-headed hydra bites you but does no damage.
The six-headed hydra barely misses you.
The six-headed hydra bites you but does no damage.
The six-headed hydra closely misses you.
The six-headed hydra bites you but does no damage.
You block the six-headed hydra's attack.
You hit the six-headed hydra.
The six-headed hydra is heavily wounded.
You hit the six-headed hydra.
The six-headed hydra is severely wounded.
You hit the six-headed hydra.
The six-headed hydra is severely wounded.
The six-headed hydra misses you. The six-headed hydra bites you!
* * * LOW HITPOINT WARNING * * *
You block the six-headed hydra's attack.
The six-headed hydra bites you but does no damage. x3
You hit the six-headed hydra.
The six-headed hydra is severely wounded.
You hit the six-headed hydra.
The six-headed hydra is severely wounded.
You hit the six-headed hydra.
The six-headed hydra is severely wounded.
The six-headed hydra bites you.
* * * LOW HITPOINT WARNING * * *
The six-headed hydra bites you!
You die...

## ###P###...#.......## .#
########.......†....#.#..#.
.######P##.##........###.####....
................###†#.#### ##...
...#............##.###.## #...
....##.PP.#.#..........P# #..#.
....##<.#####.##..###..## ##...
....##...##.†#...###P..# **P.#.
#..^............@........, ,.....
.#.P.#.##.#.##.#D#....>_..,#.####
...##..#######.#Y####...,.
....##.. #...Y.# , . * .## #..
#P...## , * *#. * ##.#.## , * **
, #....# , , , #...........* *,
#........... *


You could see a six-headed hydra (corroded) and 2 yaks.

Vanquished Creatures
  Amaemon (Lair:2)
  A bog body (Lair:2)
  A black mamba (Lair:4)
  6 elephants (Lair:4)
  2 dream sheep (Lair:1)
  14 yaks
  A warg (D:8)
  2 water moccasins (Lair:4)
  A sky beast (D:7)
  An ogre (D:5)
  2 wolves (Lair:2)
  A centaur (D:8)
  2 elf zombies (Ossuary)
  5 bullfrogs
  A gnoll sergeant (D:8)
  3 centaur zombies (Ossuary)
  A human zombie (Ossuary)
  A hound (D:5)
  An iguana (D:4)
  A gnoll bouda (D:7)
  2 orc wizards (D:8)
  2 mummies (Ossuary)
  7 gnolls
  An adder (D:5)
  A shadow imp (D:6)
  A worm (D:3)
  A dart slug (D:1)
  11 orcs
  6 ball pythons
  3 endoplasms
  2 giant cockroaches
  3 goblins
  7 hobgoblins
  2 jackals (D:4)
  3 bats
  2 frilled lizards
  7 kobolds
  5 rats (D:1)
114 creatures vanquished.

Vanquished Creatures (collateral kills)
  A bog body (Lair:2)
  Pikel (D:7)
  An ugly thing (D:8)
  An orange demon (Lair:2)
  A komodo dragon (Lair:1)
  A hornet (D:7)
  2 dream sheep (Lair:1)
  Sigmund (D:4)
  6 yaks
  A wyvern (D:8)
  A warg (D:8)
  Menkaure (D:7)
  2 acid dragons
  A water moccasin (Lair:1)
  An orc warrior (D:8)
  A sky beast (D:6)
  A black bear (Lair:1)
  A wolf (Lair:2)
  2 centaurs
  2 bullfrogs (Lair:2)
  3 elf zombies (Ossuary)
  A kobold brigand (D:7)
  3 scorpions
  3 wights (D:8)
  A centaur zombie (Ossuary)
  2 hounds
  Crazy Yiuf (D:3)
  2 human zombies (Ossuary)
  4 orc priests
  An iguana (D:6)
  5 orc wizards
  A mummy (Ossuary)
  A gnoll (D:8)
  6 adders
  A worm (D:4)
  A dart slug (D:4)
  9 orcs
  A ball python (D:2)
  An endoplasm (D:4)
  A hobgoblin (D:4)
  A jackal (D:4)
  3 kobolds
81 creatures vanquished.

Vanquished Creatures (others)
  9 battlemagi
  An orc (D:8)
  5 fungi
  9 plants
24 creatures vanquished.

Grand Total: 219 creatures vanquished

Notes
Turn   | Place    | Note
-------+----------+-------------------------------------------
     0 | D:1      | lunkers the Meteoran Wanderer began the quest for the Orb.
     0 | D:1      | lunkers set off with the following items: a +2 short sword,
                  | 6 boomerangs, a +0 dagger, a +0 robe; and the following
                  | spell memorised: Freeze; and the following spells available
                  | to memorise: Hailstorm.
     0 | D:1      | Reached XP level 1. HP: 14/14 MP: 3/3
    99 | D:1      | Reached XP level 2. HP: 19/20 MP: 5/5
   169 | D:1      | Reached XP level 3. HP: 10/26 MP: 6/6
   448 | D:2      | Found a faded altar of an unknown god.
   461 | D:2      | Prayed at the altar of an unknown god.
   461 | D:2      | Became a worshipper of Hepliaklqana the Forgotten
   461 | D:2      | Reached * piety under Hepliaklqana
   533 | D:2      | Found a sacrificial altar of Ru.
   854 | D:3      | Found a broken altar of Ashenzari.
   862 | D:3      | Reached XP level 4. HP: 26/29 MP: 7/7
   862 | D:3      | Found a shadowy altar of Dithmenos.
   908 | D:3      | Reached ** piety under Hepliaklqana
  1030 | D:3      | Found a runed translucent door.
  1031 | D:3      | Noticed Crazy Yiuf
  1097 | D:3      | Remembered your ancestor Decima as a battlemage
  1101 | D:3      | Killed Crazy Yiuf
  1102 | D:3      | Reached XP level 5. HP: 34/34 MP: 8/8
  1155 | D:4      | Noticed Sigmund
  1166 | D:4      | Killed Sigmund
  1167 | D:4      | Reached XP level 6. HP: 27/45 MP: 9/9
  1234 | D:4      | Reached XP level 7. HP: 36/52 MP: 10/10
  1459 | D:5      | Entered Level 5 of the Dungeon
  1467 | D:5      | Reached skill level 5 in Fighting
  1513 | D:5      | Reached skill level 1 in Armour
  1513 | D:5      | Reached skill level 1 in Dodging
  1630 | D:5      | Reached XP level 8. HP: 62/62 MP: 11/11
  1693 | D:6      | Found a staircase to the Ecumenical Temple.
  1799 | D:6      | Found a radiant altar of Vehumet.
  1868 | D:6      | Identified the +9 plate armour of Tartarus {Str+4}
  1900 | D:6      | Reached *** piety under Hepliaklqana
  2175 | D:7      | Noticed Pikel
  2220 | D:7      | Killed Pikel
  2221 | D:7      | Reached skill level 5 in Armour
  2221 | D:7      | Reached skill level 5 in Dodging
  2221 | D:7      | Gained mutation: You passively map the area around you.
                  | [Meteoran growth]
  2221 | D:7      | Reached XP level 9. HP: 63/71 MP: 12/12
  2302 | D:7      | Noticed a hornet
  2320 | D:7      | Killed a hornet
  2355 | D:7      | Noticed Menkaure
  2364 | D:7      | Killed Menkaure
  2723 | D:8      | Found a staircase to the Lair.
  2842 | D:8      | Reached XP level 10. HP: 65/79 MP: 13/13
  2861 | D:8      | Found a sand-covered staircase.
  2866 | Ossuary  | Entered an ossuary
  3088 | D:8      | Noticed a cyan ugly thing
  3109 | D:8      | Killed a cyan ugly thing
  3404 | D:8      | Reached **** piety under Hepliaklqana
  4064 | Lair:1   | Entered Level 1 of the Lair of Beasts
  4121 | Lair:1   | Reached XP level 11. HP: 89/89 MP: 14/14
  4188 | Lair:1   | Noticed a torpor snail
  4266 | Lair:1   | Reached skill level 10 in Fighting
  4313 | Lair:1   | Reached skill level 2 in Long Blades
  4319 | Lair:1   | Reached skill level 3 in Long Blades
  4324 | Lair:1   | Reached skill level 4 in Long Blades
  4358 | Lair:1   | Reached skill level 5 in Long Blades
  4418 | Lair:2   | Noticed a bog body
  4422 | Lair:2   | Noticed a bog body
  4424 | Lair:2   | Reached skill level 6 in Long Blades
  4428 | Lair:2   | Killed a bog body
  4429 | Lair:2   | Reached skill level 7 in Long Blades
  4439 | Lair:2   | Killed a bog body
  4440 | Lair:2   | Reached skill level 8 in Long Blades
  4457 | Lair:2   | Noticed a five-headed hydra
  4582 | Lair:2   | Reached skill level 1 in Invocations
  4593 | Lair:2   | Reached skill level 9 in Long Blades
  4599 | Lair:2   | Reached XP level 12. HP: 29/95 MP: 15/15
  4631 | Lair:2   | Noticed Amaemon
  4649 | Lair:2   | Killed Amaemon
  4666 | Lair:3   | Reached ***** piety under Hepliaklqana
  4720 | Lair:3   | Reached skill level 10 in Long Blades
  4882 | Lair:4   | Reached skill level 11 in Long Blades
  4925 | Lair:4   | Reached skill level 12 in Long Blades
  4942 | Lair:4   | Found a staircase to the Slime Pits.
  4967 | Lair:4   | Noticed a six-headed hydra
  4985 | Lair:4   | Found a viscous altar of Jiyva.
  4994 | Lair:4   | Slain by a six-headed hydra

Illustrated notes

Levels and vault maps discovered:
D:1:      dpeg_arrival_solitude, layout_loops_ring
D:2:      layout_rooms, basic_altar, chequers_ecumenical_altar_grove
D:3:      layout_loops_ring, jmf_multi_god_temple, uniq_crazy_yiuf_cottage,
          uniq_terence
D:4:      layout_basic, grunt_decor_junction, uniq_sigmund
D:5:      layout_rooms, minmay_misc_feat_enclosed,
          eino_small_chamber_without_monster
D:6:      layout_rooms, lemuel_doored_altar, minmay_temple_entry_purple_smoke,
          chequers_serial_rivers_small_a
D:7:      layout_loops_ring, corexii_checkpoint_a, hangedman_decor_push,
          uniq_menkaure, uniq_pikel
D:8:      layout_loops_cross, erik_lair_orcish_takeover, enter_ossuary_2
D:9:      layout_basic
Lair:1:   dreamdust_cave_troll, layout_regular_city, nicolae_lair_lil_pond
Lair:2:   layout_gridlike, nicolae_swamp_entry_splash_gauntlet,
          pdpol_lair_neglected_garden, nicolae_lair_run_with_the_wolves,
          uniq_amaemon
Lair:3:   layout_gridlike, spider_nest_entry_webs, special_room
          [special_room_bee]
Lair:4:   layout_loops_ring, slime_entry_1, minivault_19

Skill      XL: |  1  2  3  4  5  6  7  8  9 10 11 12 |
---------------+-------------------------------------+-----
Short Blades   | 6 7 8 |  8.0
Fighting       | 2 3 5 7 8 9 10 | 10.2
Armour         | 1 5 6 9 |  9.6
Dodging        | 1 5 6 9 |  9.6
Long Blades    | 9 12 | 12.4
Invocations    | 2 4 |  4.0
Throwing       | |  3.6
Spellcasting   | |  1.3
Ice Magic      | |  1.1

Action                     |  1- 3 |  4- 6 |  7- 9 | 10-12 || total
---------------------------+-------+-------+-------+-------++-------
  Melee: Short sword       |    88 |    19 |   317 |   308 ||   732
         Punch             |     2 |       |       |       ||     2
         Long sword        |       |       |       |   230 ||   230
   Cast: Freeze            |     1 |       |       |       ||     1
 Invoke: Ancestor Life: Ba |       |     1 |       |       ||     1
         Recall Ancestor   |       |       |       |     1 ||     1
  Evoke: Wand              |       |       |       |    14 ||    14
    Use: Scroll            |     5 |     2 |     9 |    10 ||    26
         Potion            |       |     1 |       |     2 ||     3
   Stab: Distracted        |       |       |     3 |     4 ||     7
 Armour: Robe              |    17 |     1 |     1 |       ||    19
         Scale mail        |       |       |    16 |       ||    16
         Plate armour      |       |       |   122 |   425 ||   547
  Dodge: Dodged            |    42 |    12 |    39 |   230 ||   323
  Block: Buckler           |     2 |     4 |    37 |   113 ||   156

Table legend: (Time is in decaauts)
 A = Elapsed time spent in this place.
 B = Non-inter-level travel time spent in this place.
 C = Inter-level travel time spent in this place.
 D = Time resting spent in this place.
 E = Time spent auto-exploring this place.
 F = Levels seen in this place.
 G = Mean time per level.
                   A        B        C        D        E       F      G
               +--------+--------+--------+--------+--------+-----+--------+
         Total |   4670 |   4476 |    194 |      0 |   2652 |  14 |  333.6 |
       Dungeon |   3633 |   3440 |    193 |      0 |   2354 |   9 |  403.7 |
          Lair |    880 |    880 |      0 |      0 |    238 |   4 |  220.0 |
       Ossuary |    156 |    156 |      0 |      0 |     60 |   1 |  156.0 |
               +--------+--------+--------+--------+--------+-----+--------+

Top non-repeatable levels by time:
     D:9: 574 daAuts
     D:7: 532 daAuts
     D:8: 517 daAuts
     D:3: 427 daAuts
  Lair:1: 409 daAuts
     D:6: 363 daAuts
     D:2: 353 daAuts
     D:1: 336 daAuts
     D:4: 302 daAuts
     D:5: 225 daAuts
  Lair:4: 216 daAuts
  Lair:2: 170 daAuts
 Ossuary: 156 daAuts
  Lair:3: 83 daAuts
